 Dungeon Crawl Stone Soup version 0.27.1-3-gb3d3a73c9e (webtiles) character file.

Game seed: 5141713525016823781

129 raph the Stinger (level 4, -1/24 HPs)
             Began as a Deep Elf Venom Mage on Oct 28, 2021.
             Was a Follower of Makhleb.
             Succumbed to Crazy Yiuf's poison
             ... on level 3 of the Dungeon.
             The game lasted 00:05:52 (3576 turns).

raph the Stinger (Deep Elf Venom Mage)              Turns: 3576, Time: 00:05:53

Health: -1/24      AC:  3    Str:  5    XL:     4   Next: 88%
Magic:  13/21      EV: 12    Int: 21    God:    Makhleb [*.....]
Gold:   108        SH:  0    Dex: 15    Spells: 2/12 levels left

rFire    . . .     SeeInvis .   g - +1 dagger (protect)
rCold    . . .     Faith    .   (no shield)
rNeg     . . .     Spirit   .   a - +0 robe
rPois    .         Reflect  .   c - +0 helmet
rElec    .         Harm     .   (no cloak)
rCorr    .         Rampage  .   (no gloves)
Will     .....                  (no boots)
Stlth    ++........             (no amulet)
HPRegen  0.08/turn              t - ring of magical power
MPRegen  0.17/turn              (no ring)

@: lethally poisoned (-1 -> -13)
A: no striking features
a: Renounce Religion


You were on level 3 of the Dungeon.
You worshipped Makhleb.
Makhleb was aware of your devotion.
You visited 1 branch of the dungeon, and saw 3 of its levels.

You collected 108 gold pieces.

Inventory:

Hand Weapons
 f - a +0 dagger
 g - a +1 dagger of protection (weapon)
Armour
 a - a +0 robe (worn)
 c - a +0 helmet (worn)
Jewellery
 t - a ring of magical power (left hand)
Wands
 p - a wand of flame (18)
Scrolls
 b - a scroll of fear {unknown}
 e - 2 scrolls of identify {unknown}
 h - a scroll of acquirement {unknown}
 i - a scroll of enchant weapon {unknown}
 j - a scroll of blinking {unknown}
 m - a scroll of teleportation {unknown}
 o - a scroll of vulnerability {unknown}
 q - a scroll of magic mapping {unknown}
Potions
 d - 3 potions of flight {unknown}
 k - a potion of might {unknown}
 l - a potion of lignification {unknown}
 n - a potion of degeneration {unknown}
 r - a potion of brilliance {unknown}
 s - a potion of curing {unknown}


   Skills:
 - Level 2.4 Dodging
 - Level 2.4 Stealth
 + Level 4.5 Spellcasting
 - Level 1.1 Transmutations
 + Level 5.5 Poison Magic


You had 2 spell levels left.
You knew the following spells:

 Your Spells              Type           Power      Damage    Failure   Level
a - Sting                 Tmut/Pois      72%        1d6       3%          1
b - Poisonous Vapours     Pois/Air       32%        N/A       5%          2
c - Mephitic Cloud        Conj/Pois/Air  12%        N/A       16%         3
d - Olgreb's Toxic Radia  Pois           27%        N/A       12%         4

Your spell library contained the following spells:

 Spells                   Type           Power      Damage    Failure   Level
 Slow                     Hex            4%         N/A       17%         2
 Ignite Poison            Fire/Tmut/Pois 14%        N/A       14%         3
 Confusing Touch          Hex            4%         N/A       34%         3
 Yara's Violent Unravell  Hex/Tmut       3%         3d4       94%         5
 Bolt of Magma            Conj/Fire/Erth 2%         4d4       97%         5


Dungeon Overview and Level Annotations

Branches:
Dungeon (3/15)

Altars:
Makhleb

Annotations:
D:3 Crazy Yiuf


Message History

Makhleb accepts your kill.
You start resting.
Magic restored.
Found a tubular iron ring.
There is an escape hatch in the floor here.
t - a ring of magical power You feel your magic capacity increase.
t - a ring of magical power (left hand)
There is an escape hatch in the floor here.
Found a mace.
Found a runed translucent door.
Crazy Yiuf shouts!
Crazy Yiuf cries, "Snoogle!"
You open the door.
Casting: Sting (safe; 3% risk of failure)
Confirm with . or Enter, or press ? or * to list all spells.
Aiming: Sting (safe; 3% risk of failure)
Press: ? - help, Shift-Dir - straight line, f - Crazy Yiuf
Aim: Crazy Yiuf, wielding a +3 quarterstaff of chaos and wearing a +1 cloak (77% to hit)
The sting hits Crazy Yiuf.
Crazy Yiuf is poisoned.
Crazy Yiuf is lightly wounded.
Crazy Yiuf hits you with a +3 quarterstaff of chaos!
Space bends around you!
Crazy Yiuf drinks a potion.
Crazy Yiuf suddenly seems more resistant.
Casting: Sting (safe; 3% risk of failure)
Confirm with . or Enter, or press ? or * to list all spells.
You can't see any susceptible monsters within range! (Use Z to cast anyway.)
Casting: Sting (safe; 3% risk of failure)
Confirm with . or Enter, or press ? or * to list all spells.
You begin to radiate toxic energy.
Your toxic aura wanes.
Crazy Yiuf screams, "Nubble!
Shower water mumblescurry."
Casting: Olgreb's Toxic Radiance (extremely dangerous; 12% risk of failure)
Confirm with . or Enter, or press ? or * to list all spells.
You begin to radiate toxic energy.
Crazy Yiuf hits you with a +3 quarterstaff of chaos!
* * * LOW HITPOINT WARNING * * *
You are lethally poisoned!
Your toxic aura wanes.
You die...

#######.#####.#
#.#>####### #.......#
#.#.# ######### #.#.#
#.#.## #....# # ###
######....# .# #)..###
##.#..#....#### .#
#...'.####.P...........##
#
#...##g.#.Pg.@..........#
### ###.#..#...........#
##########...###.# #...#
#.# ### ### ##...# #.#
#.#########.####...####.#
#.#...........†.........#
#.#.#######.####...######
#.#.# #.# ##.##


You could see Crazy Yiuf (resistant).

Vanquished Creatures
  Ijyb (D:2)
  4 adders
  3 worms
  2 dart slugs (D:1)
  An orc (D:3)
  2 endoplasms (D:2)
  7 giant cockroaches
  10 goblins
  A hobgoblin (D:2)
  A quokka (D:1)
  5 ball pythons
  6 bats
  A frilled lizard (D:2)
  6 kobolds
  4 rats
54 creatures vanquished.

Notes
Turn   | Place    | Note
-------+----------+-------------------------------------------
     0 | D:1      | raph the Deep Elf Venom Mage began the quest for the Orb.
     0 | D:1      | Reached XP level 1. HP: 10/10 MP: 6/6
   390 | D:1      | Reached XP level 2. HP: 11/15 MP: 2/8
   393 | D:1      | Reached skill level 4 in Poison Magic
   953 | D:1      | Learned a level 2 spell: Poisonous Vapours
  1287 | D:1      | Reached XP level 3. HP: 8/19 MP: 6/9
  1474 | D:1      | Learned a level 3 spell: Mephitic Cloud
  1704 | D:2      | Found a burning altar of Makhleb.
  1719 | D:2      | Became a worshipper of Makhleb the Destroyer
  2404 | D:2      | Reached skill level 5 in Poison Magic
  2510 | D:2      | Found a faded altar of an unknown god.
  2685 | D:3      | Noticed Ijyb
  2703 | D:2      | Reached XP level 4. HP: 21/24 MP: 1/11
  2892 | D:3      | Reached * piety under Makhleb
  2899 | D:2      | Killed Ijyb
  3159 | D:3      | Learned a level 4 spell: Olgreb's Toxic Radiance
  3561 | D:3      | Found a runed translucent door.
  3562 | D:3      | Noticed Crazy Yiuf
  3576 | D:3      | Succumbed to Crazy Yiuf's poison

Illustrated notes

Levels and vault maps discovered:
D:1:      minmay_arrival_widening_spiral_narrow, layout_basic,
          minmay_worlds_worst_comb
D:2:      layout_basic, basic_altar, basic_ecumenical_altar
D:3:      kennysheep_the_goblin_king, layout_loops_ring,
          nzn_wu_jian_council_hall, minmay_lizard_king, uniq_crazy_yiuf_cottage

Skill      XL: |  1  2  3  4 |
---------------+-------------+-----
Poison Magic   | 4 5 |  5.5
Spellcasting   | 4 |  4.5
Dodging        | |  2.4
Stealth        | |  2.4
Transmutations | |  1.1

Action                   |  1- 3 |  4- 6 || total
-------------------------+-------+-------++-------
Melee: Dagger            |    22 |    12 ||    34
       Unarmed           |     2 |       ||     2
 Cast: Sting             |    66 |    17 ||    83
       Mephitic Cloud    |     2 |     1 ||     3
       Olgreb's Toxic Ra |       |     3 ||     3
       Poisonous Vapours |       |     1 ||     1
 Stab: Sleeping          |     2 |     1 ||     3
       Confused          |     1 |       ||     1
Armor: Robe              |    26 |     8 ||    34
Dodge: Dodged            |    40 |    10 ||    50
